 Dungeon Crawl Stone Soup version 0.22.1-1-ga44c0e5 (webtiles) character file.

312 Mesmaeker13 the Firebug (level 6, -1/36 HPs)
             Began as an Octopode Fire Elementalist on Oct 23, 2018.
             Slain by an orc
             ... wielding a +1 whip of distortion
              (4 damage)
             ... on level 4 of the Dungeon.
             The game lasted 00:06:11 (3374 turns).

Mesmaeker13 the Firebug (OpFE)                      Turns: 3374, Time: 00:06:12

Health: -1/36      AC:  1    Str:  7 (8)  XL:     6   Next: 42%
Magic:  9/9        EV: 14    Int: 17 (19) God:
Gold:   130        SH:  0    Dex:  9 (12) Spells: 3/9 levels left

rFire    . . .     SeeInvis .   d - +1 short sword (venom)
rCold    + . .     Gourm    .   (no shield)
rNeg     . . .     Faith    .   (helmet restricted)
rPois    .         Spirit   .   (no amulet)
rElec    .         Reflect  .   c - ring of protection from cold
rCorr    .         Harm     .   (no ring)
MR       .....                  (no ring)
Stlth    +++.......             (no ring)
HPRegen  0.12/turn              (no ring)
MPRegen  0.11/turn              (no ring)
                                (no ring)
                                (no ring)

@: lethally poisoned (-1 -> -3), flying
A: almost no armour, stealthy swim, amphibious, 8 rings, constrict 8, camouflage
1, gelatinous body 1
a: no special abilities


You were on level 4 of the Dungeon.
You were not hungry.

You visited 1 branch of the dungeon, and saw 4 of its levels.

You collected 130 gold pieces.

Inventory:

Hand Weapons
 d - a +1 short sword of venom (weapon)
 n - a +2 dagger of freezing
 u - a +4 mace of protection
Jewellery
 c - a ring of protection from cold (left tentacle)
Wands
 o - a wand of flame (18)
Scrolls
 i - 2 scrolls of fear
 m - a scroll of immolation
 s - a scroll of remove curse
Potions
 h - a potion of might
 j - a potion of magic {unknown}
 q - a potion of berserk rage {unknown}
 t - a potion of brilliance
Comestibles
 b - 9 rations


   Skills:
 + Level 4.0 Dodging
 - Level 2.6 Stealth
 - Level 2.0 Spellcasting
 + Level 3.6 Conjurations
 + Level 4.7 Fire Magic


You had 3 spell levels left.
You knew the following spells:

 Your Spells              Type           Power        Failure   Level  Hunger
a - Flame Tongue          Conj/Fire      ###..        3%          1    #......
b - Throw Flame           Conj/Fire      ###...       5%          2    ###....
c - Conjure Flame         Conj/Fire      ###.....     11%         3    ###....

Your spell library contained the following spells:

 Spells                   Type           Power        Failure   Level  Hunger
 Inner Flame              Hex/Fire       #.......     22%         3    ###....
 Sticky Flame             Conj/Fire      ###.....     34%         4    #####..
 Fireball                 Conj/Fire      ###.......   69%         5    ######.


Dungeon Overview and Level Annotations

Branches:
Dungeon (4/15)
 Temple: D:4-7

Altars:
Hepliaklqana
Makhleb
Qazlal
Xom
The Shining One


Innate Abilities, Weirdness & Mutations

You cannot wear most types of armour.
You are very stealthy in the water. (Stealth+)
You are amphibious.
You can wear up to eight rings at the same time.
You can use your tentacles to constrict eight enemies at once.
Your skin changes colour to match your surroundings (Stealth+).
Your rubbery body absorbs attacks. (AC +1, EV +1)


Message History

You feel weakened.
You feel dopey.
You feel clumsy.
* * * LOW HITPOINT WARNING * * *
You feel sick.
It was a potion of lignification.
You turn into a tree.
Your roots penetrate the ground.
You feel sick.
Okay, then.
You start resting.
You feel sick. x5
An orc comes into view. It is wielding a whip of distortion.
It was a potion of cancellation.
Your magical effects are unravelling.
You feel magically purged.
You feel less wooden.
* * * LOW HITPOINT WARNING * * *
You feel sick.
It was a potion of flight.
You feel very buoyant.
You fly up into the air.
The orc hits you with a whip of distortion.
You die...

#....##.....#### #.#
#..#.####......#####.##..≈≈≈≈≈
#'#### #.####)##...(.#...§≈≈≈≈
#...### #.# #.##..(..#...§≈≈§≈
#####.._# #.# #.##.....#.≈§§≈8.≈
.####...###.####[##.....#...≈≈>_≈
.##X#_...##.)...).......#..§≈≈≈≈§
.#.#####.#..##)#o####..#..≈§§§≈≈≈
.##§#X##.'..##.#@# #......§§≈≈.§
.###Z#########.#.####.###...§...≈
.# #####.###...................≈.
.# #........#........###........
.# ####.######...#########.#.###
)# #.# #.........<...#.# .# #.#
#...#########...... .#######.#
##### ###.### ........># ...


You could see an orc.

Vanquished Creatures
  3 orc wizards (D:4)
  A hound (D:2)
  A bullfrog skeleton (D:4)
  Terence (D:3)
  A worker ant (D:3)
  A gnoll (D:1)
  4 adders
  3 oozes
  An adder skeleton (D:4)
  2 worms
  2 leopard geckos
  4 orcs
  A ball python (D:3)
  3 giant cockroaches
  5 goblins
  5 hobgoblins
  3 jackals (D:4)
  2 kobolds
  A quokka (D:2)
  8 bats
  2 frilled lizards (D:2)
  5 rats
59 creatures vanquished.

Notes
Turn   | Place    | Note
-------+----------+-------------------------------------------
     0 | D:1      | Mesmaeker13 the Octopode Fire Elementalist began the quest
                  | for the Orb.
     0 | D:1      | Reached XP level 1. HP: 11/11 MP: 3/3
   218 | D:1      | Reached XP level 2. HP: 17/17 MP: 1/5
   594 | D:1      | Reached XP level 3. HP: 21/21 MP: 1/6
   753 | D:2      | Learned a level 2 spell: Throw Flame
  1174 | D:2      | Reached XP level 4. HP: 16/27 MP: 1/7
  1599 | D:2      | Found a burning altar of Makhleb.
  1672 | D:2      | Noticed a phantom
  1700 | D:3      | Found a faded altar of an unknown god.
  1706 | D:3      | Learned a level 3 spell: Conjure Flame
  1973 | D:3      | Reached XP level 5. HP: 31/31 MP: 2/8
  2193 | D:3      | Noticed Terence
  2218 | D:3      | Killed Terence
  2391 | D:3      | Found a glowing golden altar of the Shining One.
  2552 | D:4      | Found a stormy altar of Qazlal.
  2748 | D:4      | Reached XP level 6. HP: 36/36 MP: 3/9
  2809 | D:4      | Found a hazy altar of Hepliaklqana.
  2810 | D:4      | Found a shimmering altar of Xom.
  2810 | D:4      | Noticed a tentacled monstrosity
  2811 | D:4      | Noticed a tentacled monstrosity
  2811 | D:4      | Noticed a spectral ugly thing
  3374 | D:4      | Slain by an orc

Skill      XL: |  1  2  3  4  5  6 |
---------------+-------------------+-----
Conjurations   | 2 3 |  3.6
Dodging        | 3 4 |  4.0
Fire Magic     | 4 |  4.7
Stealth        | |  2.6
Spellcasting   | |  2.0

Action                   |  1- 3 |  4- 6 || total
-------------------------+-------+-------++-------
Melee: Dagger            |     4 |       ||     4
       Tentacles         |     2 |     4 ||     6
       Constrict         |     1 |     5 ||     6
       Short sword       |     3 |    18 ||    21
 Cast: Flame Tongue      |    40 |    65 ||   105
       Throw Flame       |       |     6 ||     6
       Conjure Flame     |       |     1 ||     1
Evoke: Wand              |       |     4 ||     4
  Use: Scroll            |     5 |     1 ||     6
       Potion            |       |     9 ||     9
  Eat: Chunk             |     1 |     8 ||     9
Armor: Skin              |       |     2 ||     2
Dodge: Dodged            |    14 |    20 ||    34
